 Dungeon Crawl Stone Soup version 0.29-a0-194-g6e3aafee17 (webtiles) character file.

Game seed: 11222351495253021172

101 Zeldest the Skirmisher (level 5, 0/37 (42) HPs)
             Began as a Formicid Chaos Knight on Feb 22, 2022.
             Was a Plaything of Xom.
             Slain by an orc
             ... wielding a +0 mace
              (1 damage)
             ... on level 2 of the Dungeon.
             The game lasted 00:02:32 (1748 turns).

Zeldest the Skirmisher (Formicid Chaos Knight)      Turns: 1748, Time: 00:02:32

HP:   0/37 (42)     AC:  9    Str: 18    XL:     5   Next: 4%
MP:   5/5           EV:  9    Int: 12    God:    Xom [....*.]
Gold: 90            SH:  3    Dex: 10    Spells: 4/4 levels left

rFire   . . .      SeeInvis +   d - +1 dagger (elec)
rCold   . . .      Faith    .   i - +0 buckler
rNeg    . . .      Spirit   .   g - +0 scale mail
rPois   .          Reflect  .   (helmet unavailable)
rElec   .          Harm     .   (no cloak)
rCorr   .          Rampage  .   (no gloves)
Will    .....                   f - +1 pair of boots
Stlth   ..........              (no amulet)
HPRegen 0.12/turn               (no ring)
MPRegen 0.09/turn               (no ring)

@: heavily drained
A: permanent stasis, dig shafts and tunnels, antennae 3, four strong arms
a: Dig, Shaft Self, Renounce Religion


You were on level 2 of the Dungeon.
You worshipped Xom.
You were a beloved toy of Xom.
You visited 1 branch of the dungeon, and saw 3 of its levels.

You collected 90 gold pieces.

Inventory:

Hand Weapons
 d - a +1 dagger of electrocution (weapon)
Armour
 f - a +1 pair of boots (worn)
 g - a +0 scale mail (worn)
 i - a +0 buckler (worn)
 p - the +3 pair of boots of Zauworaa {rCorr}
   (You found it on level 3 of the Dungeon)

   rCorr:     It protects you from acid and corrosion.
Jewellery
 k - a ring of ice
 n - an amulet of magic regeneration
 o - a +6 ring of intelligence
Scrolls
 a - a scroll of immolation {unknown}
 b - 5 scrolls of identify {unknown}
 h - a scroll of brand weapon {unknown}
 m - a scroll of silence {unknown}
Potions
 c - a potion of cancellation {unknown}
 e - a potion of might {unknown}
 j - a potion of magic {unknown}
 l - a potion of flight {unknown}


   Skills:
 + Level 4.2 Fighting
 + Level 1.6 Short Blades
 - Level 3.1 Axes
 + Level 3.3 Armour
 - Level 0.8 Dodging
 + Level 1.8 Shields


You had 4 spell levels left.
You didn't know any spells.
Your spell library contained the following spells:

 Spells                   Type           Power      Damage    Failure   Level
 Static Discharge         Conj/Air       0%         N/A       89%         2
 Lightning Bolt           Conj/Air       0%         1d11      100%        5
 Maxwell's Capacitive Co  Air            0%         ∞         100%        8


Dungeon Overview and Level Annotations

Branches:
Dungeon (3/15)

Altars:


Innate Abilities, Weirdness & Mutations

You cannot be hasted, slowed, berserked, paralysed or teleported.
You can dig through walls and to a lower floor.
You have a pair of large antennae on your head. (SInv)
Your four strong arms can wield two-handed weapons with a shield.


Message History

* * * LOW HITPOINT WARNING * * *
You hit the orc but do no damage.
The orc is severely wounded.
The orc barely misses you.
You completely miss the orc.
The orc is severely wounded.
The orc hits you but does no damage.
You see here a bat skeleton.
Things that are here:
a +0 mace; a +0 ring mail; an orc corpse You see here a bat skeleton.
You hit the orc.
The orc is almost dead.
The orc hits you but does no damage.
You barely miss the orc.
The orc is almost dead.
You block the orc's attack.
You hit the orc but do no damage.
The orc is almost dead.
The orc hits you with a +0 mace.
* * * LOW HITPOINT WARNING * * *
You completely miss the orc.
The orc is almost dead.
You block the orc's attack.
You closely miss the orc.
The orc is severely wounded.
The orc hits you with a +0 mace!
* * * LOW HITPOINT WARNING * * *
Xom is highly amused!
You hit the orc but do no damage.
The orc is severely wounded.
The orc hits you but does no damage.
You closely miss the orc.
The orc is severely wounded.
You block the orc's attack.
You barely miss the orc.
The orc is severely wounded.
The orc hits you with a +0 mace.
You die... "I guess I need a new plaything now."

.# #.######### .# #.........#
.###########.# #######
.#.....# #.# #.....#
.#.###.#####.####.###.######
.#.# #.#>)..÷........(...).##
.#.###.#.######.......####..#
.#.......# #...o.....# ##.##
.####.##.####.#.@....## #..#
.# #.........######## ##.# <#
####.###### ####'#### ##
#.################........
#................'........
##################........
#........ #........ #........


You could see an orc.

Vanquished Creatures
  Robin (D:2)
  3 adders (D:2)
  A worm (D:2)
  3 dart slugs
  An orc (D:2)
  5 endoplasms
  13 goblins
  2 hobgoblins (D:2)
  4 quokkas (D:2)
  4 ball pythons
  3 bats
  3 frilled lizards
  6 kobolds
  2 rats
51 creatures vanquished.

Vanquished Creatures (others)
  A plant (D:2)
1 creature vanquished.

Grand Total: 52 creatures vanquished

Notes
Turn   | Place    | Note
-------+----------+-------------------------------------------
     0 | D:1      | Zeldest the Formicid Chaos Knight began the quest for the
                  | Orb.
     0 | D:1      | Reached XP level 1. HP: 18/18 MP: 1/1
   180 | D:1      | Reached XP level 2. HP: 21/24 MP: 2/2
   543 | D:1      | XOM: divination: magic mapping
   786 | D:2      | Reached XP level 3. HP: 25/30 MP: 3/3
   918 | D:2      | XOM: polymorph hobgoblin -> frilled lizard
   945 | D:2      | Reached skill level 1 in Short Blades
   950 | D:2      | Reached skill level 1 in Shields
   969 | D:2      | Found a faded altar of an unknown god.
   976 | D:2      | XOM: enchant monster (bad)
  1054 | D:2      | Reached XP level 4. HP: 34/37 MP: 4/4
  1105 | D:2      | Reached skill level 4 in Fighting
  1248 | D:2      | Noticed Robin
  1304 | D:2      | Killed Robin
  1546 | D:2      | Reached XP level 5. HP: 35/37 MP: 5/5
  1695 | D:3      | XOM: enchant monster (good)
  1698 | D:3      | Identified the +3 pair of boots of Zauworaa {rCorr}
  1744 | D:2      | HP: 1/37 [orc/+0 mace (7)]
  1748 | D:2      | Slain by an orc

Illustrated notes

Levels and vault maps discovered:
D:1:      minmay_arrival_four_circles, layout_loops_ring,
          hangedman_decor_diamond_cutter, minmay_tetromino_s2
D:2:      layout_basic, dreamdust_ecumenical_altar_grove, moated_statue,
          uniq_robin
D:3:      lemuel_castle_with_subvaults [lemuel_castle_interior_carwin_2],
          layout_basic, uniq_jessica

Skill      XL: |  1  2  3  4 |
---------------+-------------+-----
Short Blades   | 1 |  1.6
Shields        | 1 |  1.8
Armour         | 3 |  3.3
Fighting       | 4 |  4.2
Axes           | |  3.1
Dodging        | |  0.8

Action                   |  1- 3 |  4- 6 || total
-------------------------+-------+-------++-------
Melee: Hand axe          |    15 |       ||    15
       Dagger            |    59 |   120 ||   179
 Abil: Dig               |     1 |     2 ||     3
Armor: Leather armour    |     6 |       ||     6
       Scale mail        |    27 |    40 ||    67
Dodge: Dodged            |    26 |    28 ||    54
Block: Buckler           |     5 |    11 ||    16

Table legend: (Time is in decaauts)
 A = Elapsed time spent in this place.
 B = Non-inter-level travel time spent in this place.
 C = Inter-level travel time spent in this place.
 D = Time resting spent in this place.
 E = Time spent auto-exploring this place.
 F = Levels seen in this place.
 G = Mean time per level.
                   A        B        C        D        E       F      G
               +--------+--------+--------+--------+--------+-----+--------+
         Total |   1746 |   1672 |     74 |    219 |   1022 |   3 |  582.0 |
       Dungeon |   1746 |   1672 |     74 |    219 |   1022 |   3 |  582.0 |
               +--------+--------+--------+--------+--------+-----+--------+

Top non-repeatable levels by time:
     D:2: 993 daAuts
     D:1: 742 daAuts
     D:3: 9 daAuts
